 Dungeon Crawl Stone Soup version 0.14-a0-1474-g1105da3 (webtiles) character file.

76 Khlestharos the Grave Robber (level 3, -2/21 HPs)
             Began as an Octopode Necromancer on Dec 15, 2013.
             Was an Initiate of Okawaru.
             Slain by a jackal (3 damage)
             ... on Level 2 of the Dungeon.
             The game lasted 00:09:00 (739 turns).

Khlestharos the Grave Robber (Octopode Necromancer)  Turns: 739, Time: 00:09:00

HP  -2/21        AC  1     Str  7      XL: 3   Next: 18%
MP   3/6         EV 12     Int 18      God: Okawaru [......]
Gold 46          SH  0     Dex 12      Spells:  1 memorised,  5 levels left

rFire  . . .     SeeInvis .     (no weapon)
rCold  . . .     Clarity  .     (no shield)
rNeg   . . .     Conserve .     (helmet restricted)
rPois  .         rCorr    .     f - amulet of faith
rElec  .         rRot     .     (no ring)
SustAb . .       Spirit   .     (no ring)
rMut   .         Warding  .     (no ring)
Saprov . . .     Stasis   .     (no ring)
                                (no ring)
                                (no ring)
                                (no ring)
                                (no ring)

@: not resistant to hostile enchantments, quite stealthy
A: almost no armour, amphibious, 8 rings, constrict 8, camouflage 1, gelatinous
body 1
a: Renounce Religion


You were on level 2 of the Dungeon.
You worshipped Okawaru.
Okawaru was noncommittal.
You were not hungry.

You visited 1 branch of the dungeon, and saw 2 of its levels.

You collected 46 gold pieces.

Inventory:

Comestibles
 c - 3 bread rations
 j - a choko
Scrolls
 d - a scroll of enchant armour {unknown}
 e - a scroll of identify {unknown}
 i - 4 scrolls of remove curse {unknown}
Jewellery
 f - an amulet of faith (around mantle)
Potions
 a - 4 potions of heal wounds {unknown}
 g - a potion of curing {unknown}
 h - a potion of speed {unknown}
 k - a potion of restore abilities {unknown}
 l - a potion of beneficial mutation {unknown}
Books
 b - a book of Necromancy

   Spells                             Type                      Level
   *Pain                              Necromancy                   1
   Animate Skeleton                   Necromancy                   1
   Lethal Infusion                    Charms/Necromancy            2
   Vampiric Draining                  Necromancy                   3
   Regeneration                       Charms/Necromancy            3
   Animate Dead                       Necromancy                   4
   Control Undead                     Necromancy                   4


   Skills:
 + Level 2.2 Dodging
 + Level 3.3 Stealth
 + Level 2.1 Spellcasting
 + Level 4.6 Necromancy


You had 5 spell levels left.
You knew the following spells:

 Your Spells              Type           Power        Failure   Level  Hunger
a - Pain                  Necr           ###.         2%          1    #......


Dungeon Overview and Level Annotations

Branches:
Dungeon (2/16)

Altars:
Okawaru


Innate Abilities, Weirdness & Mutations

You cannot wear most types of armour.
You are amphibious.
You can wear up to eight rings at the same time.
You can use your tentacles to constrict many enemies at once.
Your skin changes colour to match your surroundings (Stlth).
Your rubbery body absorbs attacks (AC +1).


Message History

Confirm with . or Enter, or press ? or * to list all spells.
Aiming: Pain
Press: ? - help, Shift-Dir - straight line, f - jackal
Aim: a jackal The jackal convulses in agony!
Casting: Pain
Confirm with . or Enter, or press ? or * to list all spells.
Aiming: Pain
Press: ? - help, Shift-Dir - straight line, f/p - jackal
Aim: a jackal (moderately wounded)
The jackal convulses in agony!
You closely miss the jackal. Your grab misses the jackal.
Your squeeze misses the jackal.
The jackal is heavily wounded.
The jackal barely misses you.
You barely miss the jackal. You grab the jackal.
The jackal is heavily wounded.
You constrict the jackal, but do no damage.
The jackal bites you.
You die...

#.# #.# #. ##.###.# #.
##...##.# #. ##.....#.# #.
.#####........# #.
..........%...#
######........#############
##..%....##......%....
##...#..@h.#######..#
##.###.##.# #...##......
#.........### #...#####.#
##### #.# #.# #.# #.#


You could see a jackal.

Vanquished Creatures
  A worm (D:2)
  A ball python (D:1)
  A giant cockroach (D:1)
  3 goblins (D:1)
  2 hobgoblins (D:1)
  2 jackals (D:2)
  2 kobolds
  4 bats
  2 giant geckos (D:2)
  4 rats
22 creatures vanquished.

Notes
Turn   | Place    | Note
--------------------------------------------------------------
     0 | D:1      | Khlestharos, the Octopode Necromancer, began the quest for the Orb.
     0 | D:1      | Reached XP level 1. HP: 11/11 MP: 3/3
    66 | D:1      | Found an iron altar of Okawaru.
    76 | D:1      | Became a worshipper of Warmaster Okawaru
   312 | D:1      | Reached XP level 2. HP: 12/17 MP: 4/4
   685 | D:2      | Reached XP level 3. HP: 3/21 MP: 6/6
   739 | D:2      | Slain by a jackal

Action                   || total
-------------------------++-------
Melee: Unarmed           ||    45
 Cast: Pain              ||    18
 Stab: Sleeping          ||     3
